 Dungeon Crawl Stone Soup version 0.25.1-2-g60ff931df9 (webtiles) character file.

Game seed: 13924588037796794182

71 Curus the Poker (level 4, -1/33 HPs)
             Began as a Demonspawn Gladiator on Oct 30, 2020.
             Shot with a sling bullet by a goblin (5 damage)
             ... led by Robin
             ... on level 2 of the Dungeon.
             The game lasted 00:07:44 (1896 turns).

Curus the Poker (Demonspawn Gladiator)              Turns: 1896, Time: 00:07:45

Health: -1/33      AC:  4    Str: 14    XL:     4   Next: 5%
Magic:  4/4        EV: 13    Int:  9    God:
Gold:   80         SH:  6    Dex: 16    Spells: 3/3 levels left

rFire    . . .     SeeInvis .   a - +0 trident
rCold    . . .     Gourm    .   (no shield)
rNeg     . . .     Faith    .   b - +0 leather armour
rPois    .         Spirit   .   c - +0 helmet
rElec    .         Reflect  .   (no cloak)
rCorr    .         Harm     .   (no gloves)
MR       .....                  (no boots)
Stlth    +.........             (no amulet)
HPRegen  0.11/turn              (no ring)
MPRegen  0.09/turn              (no ring)

@: no status effects
A: large bone plates 2
a: no special abilities


You were on level 2 of the Dungeon.
You were not hungry.

You visited 1 branch of the dungeon, and saw 2 of its levels.

You collected 80 gold pieces.

Inventory:

Hand Weapons
 a - a +0 trident (weapon)
Missiles
 d - 2 throwing nets (quivered)
Armour
 b - a +0 leather armour (worn)
 c - a +0 helmet (worn)
Scrolls
 e - a scroll of identify
 h - a scroll of teleportation
 i - 2 scrolls of remove curse
 l - a scroll of fear
Potions
 g - 2 potions of resistance
 j - a potion of stabbing
Comestibles
 f - 2 rations
 k - 3 chunks of flesh


   Skills:
 - Level 2.0 Fighting
 + Level 4.5 Polearms
 - Level 1.7 Throwing
 - Level 2.6 Dodging


You had 3 spell levels left.
You didn't know any spells.
Your spell library was empty.

Dungeon Overview and Level Annotations

Branches:
Dungeon (2/15)

Altars:

Annotations:
D:2 Robin, Terence


Innate Abilities, Weirdness & Mutations

You are mostly covered in large bone plates. (SH +6)


Message History

2 hobgoblins come into view.
The hobgoblin shouts! x2
A goblin comes into view. It is wielding a +0 dagger.
The hobgoblin hits you with a +0 club.
* * * LOW HITPOINT WARNING * * *
The hobgoblin moves out of view.
A goblin comes into view. It is wielding a +0 dagger.
The goblin shouts!
The hobgoblin no longer looks unusually strong.
The hobgoblin hits you but does no damage.
A goblin comes into view. It is wielding a +3 dagger.
The goblin unwields a +0 dagger.
The goblin wields a +0 hunting sling.
The goblin shoots a sling bullet.
The sling bullet hits you.
* * * LOW HITPOINT WARNING * * *
The goblin moves out of view.
You see here a sling bullet.
A hobgoblin comes into view. It is wielding a +0 club.
The goblin no longer looks unusually strong.
The goblin shoots a sling bullet.
The sling bullet hits you.
You die...

####.g.:............)#
#@b#####............
#.#######.##.......# #<#
#.....###..#...# ##.#
#.##............ #.†#
#.##............
##.####.##gg.......... ##
#..###..g..gg.....?... ...
#..##.@.gg†#####...)).. #.#
### #.#.(.g..###g..#†(.
##..######.###g##.#....##...
#........#.# #....g.#.(# ...
#..........#####.##...## ...
#.........###.......#..# ...
#.......)###.........#.# ...
#........##............# ...
#>.....).##............#


You could see Robin, 4 hobgoblins and 4 goblins.

Vanquished Creatures
  2 gnolls (D:1)
  An adder (D:2)
  A worm (D:2)
  A dart slug (D:1)
  A giant cockroach (D:1)
  2 goblins (D:2)
  9 hobgoblins
  A quokka (D:1)
  7 bats
  6 frilled lizards
  3 kobolds
  6 rats
40 creatures vanquished.

Notes
Turn   | Place    | Note
-------+----------+-------------------------------------------
     0 | D:1      | Curus the Demonspawn Gladiator began the quest for the Orb.
     0 | D:1      | Reached XP level 1. HP: 16/16 MP: 1/1
    88 | D:1      | Reached skill level 3 in Polearms
    88 | D:1      | Gained mutation: You are partially covered in large bone
                  | plates. (SH +4) [demonic ancestry]
    88 | D:1      | Reached XP level 2. HP: 14/22 MP: 2/2
  1141 | D:1      | Gained mutation: You are mostly covered in large bone
                  | plates. (SH +6) [demonic ancestry]
  1141 | D:1      | Reached XP level 3. HP: 26/27 MP: 3/3
  1256 | D:1      | Reached skill level 4 in Polearms
  1455 | D:2      | Noticed Terence
  1851 | D:2      | Reached XP level 4. HP: 16/33 MP: 4/4
  1880 | D:2      | Noticed Robin
  1896 | D:2      | Shot with a sling bullet by a goblin

Illustrated notes

Levels and vault maps discovered:
D:1:      lemuel_arrival_cross, layout_loops_corners, minivault_11,
          minmay_indecisive_spiral
D:2:      layout_rooms, first_ration, uniq_robin, uniq_terence

Skill      XL: |  1  2  3 |
---------------+----------+-----
Polearms       | 3 4 |  4.5
Fighting       | |  2.0
Throwing       | |  1.7
Dodging        | |  2.6

Action                   |  1- 3 |  4- 6 || total
-------------------------+-------+-------++-------
Melee: Trident           |   140 |     4 ||   144
Throw: Throwing net      |     2 |       ||     2
  Use: Scroll            |     5 |       ||     5
       Potion            |     3 |       ||     3
 Stab: Sleeping          |     1 |       ||     1
  Eat: Chunk             |     3 |       ||     3
Armor: Leather armour    |    30 |       ||    30
Dodge: Dodged            |    91 |     4 ||    95
Block: Other             |    33 |     2 ||    35
